 Dungeon Crawl Stone Soup version 0.32-a0-933-ga8fa363 (webtiles) character file.

Game seed: 18144224142214829528

201036 qhelerd the Hand of Fortune (level 17, -8/161 HPs)
             Began as a Minotaur Fighter on Apr 14, 2024.
             Was the Champion of Nemelex Xobeh.
             Mangled by a tarantella (14 damage)
             ... on level 3 of the Spider Nest.
             The game lasted 01:54:19 (39431 turns).

qhelerd the Hand of Fortune (Minotaur Fighter)     Turns: 39431, Time: 01:54:20

Health: -8/161     AC: 19    Str: 32      XL:     17   Next: 90%
Magic:  36/36      EV:  8    Int: 10 (11) God:    Nemelex Xobeh [******]
Gold:   605        SH: 13    Dex: 10 (11) Spells: 16/16 levels left

rFire   + . .        y - +5 war axe (heavy)
rCold   . . .        D - +2 kite shield {reflect}
rNeg    + . .        P - +0 chain mail {rPois}
rPois   +            e - +1 hat
rElec   .            m - scarf {shadows}
rCorr   .            t - +0 pair of gloves
SInv    .            x - +2 pair of boots "Boupeirr" {Int+4}
Will    ++...        C - amulet of regeneration Stlth
                     q - ring of positive energy
HPRegen 1.26/turn    E - ring of Ciat Rocs {rF+ Will+ MP+9 Str+4 Int+2}
MPRegen 0.25/turn

%: reflection
@: slowed, very slow
A: horns 2, retaliatory headbutt, deterioration 1, low MP 1, inability to drink
after injury 1, MP-powered wands, noise suppression
}: 1/15 runes: barnacled
a: Renounce Religion, Draw Escape, Draw Destruction, Draw Summoning, Draw Stack,
Triple Draw, Deal Four, Stack Five


You were on level 3 of the Spider Nest.
You worshipped Nemelex Xobeh.
Nemelex Xobeh was exalted by your worship.
You visited 6 branches of the dungeon, and saw 31 of its levels.
You also visited: Ossuary and Ice Cave.

You collected 2898 gold pieces.
You spent 2293 gold pieces at shops.

Inventory:

Hand Weapons
 r - the +5 demon whip "Spellbinder" {antimagic, disrupt, Will+}
   (You found it on level 15 of the Dungeon)

   Will+:     It increases your willpower.
 y - a +5 heavy war axe (weapon)
 W - the +7 quarterstaff of Greed {spect, rF+ Will+ MP+9 Dex-3}
   (You found it on level 4 of the Lair of Beasts)

   Dex-3:     It affects your dexterity (-3).
   rF+:       It protects you from fire.
   Will+:     It increases your willpower.
   MP+9:      It affects your magic capacity (+9).
Armour
 e - a +1 hat (worn)
 f - a +0 tower shield
 m - a scarf of shadows (worn)
 t - a +0 pair of gloves (worn)
 x - the +2 pair of boots "Boupeirr" (worn) {Int+4}
   (You acquired it on level 9 of the Dungeon)

   Int+4:     It affects your intelligence (+4).
 D - a +2 kite shield of reflection (worn)
 P - a +0 chain mail of poison resistance (worn)
 S - a +2 kite shield of cold resistance
 X - a +0 plate armour
Jewellery
 a - the ring "Naklippo" {MP+9 Str+4 Int+3 Dex+3}
   (You found it on level 4 of the Shoals)

   [ring of magical power]

   Str+4:     It affects your strength (+4).
   Int+3:     It affects your intelligence (+3).
   Dex+3:     It affects your dexterity (+3).
   MP+9:      It affects your magic capacity (+9).
 b - a ring of poison resistance
 q - a ring of positive energy (left hand)
 C - an amulet of regeneration (around neck)
 E - the ring of Ciat Rocs (right hand) {rF+ Will+ MP+9 Str+4 Int+2}
   (You bought it in a shop on level 1 of the Shoals)

   [ring of protection from fire]

   Str+4:     It affects your strength (+4).
   Int+2:     It affects your intelligence (+2).
   rF+:       It protects you from fire.
   Will+:     It increases your willpower.
   MP+9:      It affects your magic capacity (+9).
 J - a ring of resist corrosion
 L - a ring of see invisible
 O - a ring of ice
 R - a ring of flight
Wands
 G - a wand of roots (29)
 H - a wand of paralysis (3)
 K - a wand of light (11)
 N - a wand of digging (5)
Scrolls
 i - 3 scrolls of revelation
 j - 10 scrolls of teleportation
 k - 13 scrolls of identify
 l - 2 scrolls of silence
 o - 4 scrolls of fog
 p - 8 scrolls of poison
 u - 3 scrolls of enchant weapon
 z - a scroll of amnesia
 B - 2 scrolls of fear
 F - a scroll of blinking
 M - 5 scrolls of vulnerability
 T - a scroll of brand weapon
 U - 2 scrolls of noise
 V - 2 scrolls of enchant armour
 Z - 2 scrolls of immolation
Potions
 c - 4 potions of mutation
 d - a potion of resistance
 g - 3 potions of lignification
 h - 10 potions of curing
 n - 5 potions of magic
 s - a potion of berserk rage
 v - 6 potions of brilliance
 A - 4 potions of attraction
 I - 4 potions of cancellation
 Y - 2 potions of haste
Miscellaneous
 w - a Gell's gravitambourine (2/2)
 Q - a box of beasts


   Skills:
 - Level 17.0 Fighting
 - Level 18.0 Axes
 + Level 13.4 Armour
 - Level 13.2 Shields
 + Level 21.2 Invocations


You had 16 spell levels left.
You didn't know any spells.
Your spell library contained the following spells:

 Spells                   Type           Power      Damage    Failure   Level
 Freeze                   Ice            0%         1d3       83%         1
 Shock                    Conj/Air       0%         1d3       83%         1
 Slow                     Hex            0%         N/A       83%         1
 Cigotuvi's Dreadful Rot  Necr/Alch/Air  0%         N/A       92%         2
 Ensorcelled Hibernation  Hex/Ice        0%         N/A       92%         2
 Lesser Beckoning         Tloc           0%         N/A       92%         2
 Static Discharge         Conj/Air       0%         3-3/arc   92%         2
 Sublimation of Blood     Necr           0%         N/A       92%         2
 Call Canine Familiar     Summ           0%         N/A       99%         3
 Confusing Touch          Hex            0%         N/A       99%         3
 Hailstorm                Conj/Ice       0%         3d5       99%         3
 Passwall                 Erth           0%         N/A       99%         3
 Sigil of Binding         Hex            0%         N/A       99%         3
 Stone Arrow              Conj/Erth      0%         3d7       99%         3
 Summon Ice Beast         Ice/Summ       0%         N/A       99%         3
 Swiftness                Air            0%         N/A       99%         3
 Teleport Other           Tloc           0%         N/A       99%         3
 Tukima's Dance           Hex            0%         N/A       99%         3
 Vampiric Draining        Necr           0%         2d6       99%         3
 Airstrike                Air            0%         2d(0-16)  100%        4
 Animate Armour           Summ/Erth      0%         N/A       100%        4
 Dimensional Bullseye     Hex/Tloc       0%         N/A       100%        4
 Dispel Undead            Necr           0%         3d6       100%        4
 Iskenderun's Mystic Bla Conj/Tloc 0%             2d3        (+2d1     100%        4
 Martyr's Knell           Necr/Summ      0%         N/A       100%        4
 Passage of Golubria      Tloc           0%         N/A       100%        4
 Petrify                  Alch/Erth      0%         N/A       100%        4
 Summon Blazeheart Golem  Fire/Summ      0%         N/A       100%        4
 Summon Lightning Spire   Summ/Air       0%         N/A       100%        4
 Freezing Cloud           Conj/Ice/Air   0%         6-21      100%        5
 Irradiate                Conj/Alch      0%         3d11      100%        5
 Metabolic Englaciation   Hex/Ice        0%         N/A       100%        5
 Death Channel            Necr           0%         N/A       100%        6
 Dispersal                Tloc           0%         N/A       100%        6
 Gell's Gavotte           Tloc           0%         2d(11-16) 100%        6
 Permafrost Eruption      Ice/Erth       0%         2x4d1     100%        6
 Sculpt Simulacrum        Ice/Alch       0%         N/A       100%        6
 Orb of Destruction       Conj           0%         9d5       100%        7
 Spellforged Servitor     Conj/Summ      0%         N/A       100%        7
 Discord                  Hex            0%         N/A       100%        8
 Lehudib's Crystal Spear  Conj/Erth      0%         10d2      100%        8


Dungeon Overview and Level Annotations

Branches:
Dungeon (15/15)            Temple (1/1) D:7            Lair (5/5) D:11
 Shoals (4/4) Lair:2       Spider (4/4) Lair:3        Slime (0/5) Lair:5
    Orc (2/2) D:11            Elf (0/3) Orc:2        Vaults (0/5) D:13
 Depths (0/4) D:15        Ossuary (visited)           IceCv (visited)

Altars:
Ashenzari
Cheibriados
Dithmenos
Elyvilon
Fedhas
Gozag
Hepliaklqana
Kikubaaqudgha
Makhleb
Nemelex Xobeh
Okawaru
Qazlal
Ru
Sif Muna
Trog
Uskayaw
Vehumet
Wu Jian
Xom
Yredelemnul
Zin
The Shining One
Beogh
Jiyva

Shops:
D:4 :   D:10 (   Orc:2 !(!?   Shoals:1 =   Shoals:3 :   Shoals:4 :

Annotations:
D:4 3 runed translucent doors, 10x100sm's ghost, amateur FoFi
D:10 3 runed translucent doors, Ozzieoiler's ghost, journeyman OnCA
Shoals:3 Ilsuiw
Shoals:4 exclusion: oklob plant
Orc:2 1 runed translucent door, Coo1's ghost, adept OnAE


Innate Abilities, Weirdness & Mutations

You have a pair of horns on your head.
You reflexively headbutt those who attack you in melee.
Your body sometimes deteriorates upon taking damage.
Your magical capacity is low. (-10% MP)
You occasionally lose the ability to drink potions when taking damage.
You expend magic power (3 MP) to strengthen your wands.
You passively dampen the noise of your surroundings.


Message History

The tarantella touches you but does no damage.
The tarantella touches you!
You are afflicted by dizzying energies!
You are more confused.
The wolf spider hits you!!
Your body deteriorates!
You feel dopey. The wolf spider bites you!
The tarantella touches you but does no damage.
The wolf spider hits you! The wolf spider bites you!
The tarantella barely misses you. The tarantella touches you.
The wolf spider hits you!
The wolf spider bites you but does no damage.
The moth of wrath goads the tarantella on!
The tarantella goes berserk!
The torpor snail bites you!
* * * LOW HITPOINT WARNING * * *
The tarantella touches you!
* * * LOW HITPOINT WARNING * * *
You are afflicted by dizzying energies!
You are more confused.
The wolf spider hits you!
* * * LOW HITPOINT WARNING * * *
The wolf spider barely misses you.
The wolf spider hits you but does no damage.
The wolf spider barely misses you.
The tarantella touches you but does no damage.
The tarantella touches you.
* * * LOW HITPOINT WARNING * * *
You are afflicted by dizzying energies!
You are more confused.
You climb upwards.
There is a stone staircase leading down here.
Okay, then.
Okay, then.
You are too confused!
You feel better. You block the tarantella's attack.
You block the wolf spider's attack. x2; The wolf spider hits you!!
* * * LOW HITPOINT WARNING * * *
The wolf spider bites you but does no damage.
The tarantella touches you!
You die...
Your body glows with a rainbow of weird colours and disappears.

#### #.<### #....#
###>...#### ##.#....#..#
##########..#ws.....#
##..##.^..##.s@s.....##
###
##../.##......sys......#
##.##
#....###.............###
#^..#
#...##...#.......##.##
##..##
##.................###
#....##
#............[...^####
###...#
....................^##
###^...
......................##
#......
................##.....#
##.....


You could see a torpor snail, 2 wolf spiders, a moth of wrath and 3 tarantellas.

Vanquished Creatures
  A titan (Shoals:1)
  Polyphemus (Shoals:3)
  Donald (Spider:3)
  Aizul (Spider:3)
  A tengu reaver (D:12)
  2 frost giants
  Louise (Spider:1)
  2 stone giants
  A broodmother (Spider:1)
  A bunyip (shapeshifter) (D:13)
  Azrael (Spider:3)
  4 merfolk javelineers
  9 merfolk impalers
  4 catoblepae
  6 hydras
  7 merfolk avatars
  A jorogumo (Spider:3)
  A merfolk aquamancer (Shoals:4)
  5 centaur warriors
  An alligator snapping turtle (Shoals:2)
  4 two-headed ogres
  22 death yaks
  2 boulder beetles
  4 satyrs
  5 demonic crawlers
  4 tengu warriors
  A shock serpent (Lair:3)
  5 orc high priests (Orc:2)
  2 skysharks
  Amaemon (D:10)
  4 pharaoh ants
  5 orb spiders
  A lindwurm (Lair:3)
  8 sea snakes
  6 steelbarb worms
  Pikel (D:5)
  3 deep elf pyromancers
  8 orc knights
  4 harpies
  8 wolf spiders
  16 manticores
  6 ugly things (D:15)
  14 fauns
  A moth of wrath (Spider:3)
  13 elephants
  6 cyclopes
  8 merfolk sirens
  6 black mambas
  5 kobold blastminers
  5 torpor snails
  An ice statue (IceCv)
  A gargoyle (D:13)
  4 water nymphs
  4 rime drakes
  11 cane toads
  4 yaktaurs (D:15)
  An orange demon (D:10)
  An unseen horror (D:12)
  2 tengu conjurers (D:15)
  9 komodo dragons
  29 merfolk
  9 polar bears
  6 trolls
  17 tarantellas
  A hornet (D:14)
  A jumping spider (shapeshifter) (D:13)
  4 wind drakes
  7 dream sheep (Lair:4)
  7 snapping turtles
  14 jumping spiders
  22 blink frogs
  8 culicivoras
  2 shadows (D:11)
  3 slime creatures (D:14)
  4 wyverns
  82 yaks
  2 vampires
  3 basilisks
  2 wraiths
  6 hogs (D:12)
  A fire bat (D:10)
  5 wargs
  13 water elementals
  2 fire elementals
  A human (D:11)
  A steam dragon (D:9)
  30 redbacks
  4 vampire mosquitoes (D:12)
  4 acid dragons
  4 hell hounds
  16 water moccasins
  39 orc warriors
  An ice beast (D:6)
  3 black bears
  8 ogres
  A tengu (shapeshifter) (D:13)
  6 centaurs
  29 wolves
  A phantom (D:6)
  Blork the orc (D:5)
  12 bullfrogs
  2 kobold brigands
  3 elf zombies (Ossuary)
  4 scorpions
  2 gnoll sergeants
  22 wights
  14 killer bees
  10 howler monkeys
  A bombardier beetle (D:4)
  2 electric eels
  A centaur zombie (Ossuary)
  4 jellies
  43 orc priests
  3 hounds
  2 bullfrog skeletons (D:7)
  2 human zombies (Ossuary)
  24 orc wizards
  4 sleepcaps
  3 iguanas
  4 scorpion zombies (D:7)
  2 killer bee zombies (D:7)
  2 hound zombies (Ossuary)
  2 mummies (Ossuary)
  12 gnolls
  2 howler monkey skeletons (D:7)
  6 adders
  4 white imps
  4 ufetubi
  7 adder zombies (Ossuary)
  A ribbon worm (D:5)
  2 dart slugs
  82 orcs
  12 ball pythons
  5 endoplasms
  4 giant cockroaches
  31 goblins
  28 hobgoblins
  2 jackals (D:4)
  3 quokkas
  12 bats
  5 frilled lizards
  5 gnoll zombies (Ossuary)
  7 jackal zombies (Ossuary)
  28 kobolds
  3 kobold zombies (Ossuary)
  7 orc zombies (Ossuary)
  9 rats
1115 creatures vanquished.

Vanquished Creatures (collateral kills)
  Arachne (Spider:2)
  Gastronok (D:9)
  An orc warlord (Orc:2)
  2 merfolk impalers (Shoals:4)
  A merfolk javelineer (Shoals:4)
  A merfolk aquamancer (Shoals:4)
  A satyr (Shoals:4)
  A demonic crawler (Spider:2)
  An orb spider (Spider:1)
  A steelbarb worm (Spider:2)
  2 wolf spiders
  A torpor snail (Spider:2)
  A merfolk siren (Shoals:4)
  A merfolk (Shoals:4)
  A jumping spider (Spider:3)
  2 culicivoras (Spider:1)
  A vampire mosquito (D:12)
  2 orc warriors (Orc:2)
  An orc wizard (Orc:2)
  3 orcs (Orc:2)
26 creatures vanquished.

Vanquished Creatures (others)
  Kirke (D:12)
  A kobold demonologist (D:13)
  A wyvern (Lair:3)
3 creatures vanquished.

Grand Total: 1144 creatures vanquished

Notes
Turn   | Place    | Note
-------+----------+-------------------------------------------
     0 | D:1      | qhelerd the Minotaur Fighter began the quest for the Orb.
     0 | D:1      | Reached XP level 1. HP: 19/19 MP: 0/0
   109 | D:1      | Reached XP level 2. HP: 27/27 MP: 1/1
   559 | D:1      | Reached XP level 3. HP: 31/33 MP: 2/2
  1530 | D:2      | Reached XP level 4. HP: 41/41 MP: 3/3
  1555 | D:2      | Found a faded altar of an unknown god.
  1951 | D:3      | Reached XP level 5. HP: 42/47 MP: 4/4
  2029 | D:3      | Reached skill level 5 in Fighting
  2046 | D:3      | Reached skill level 5 in Axes
  3191 | D:4      | Reached XP level 6. HP: 56/56 MP: 5/5
  3351 | D:4      | Found a runed translucent gate.
  3432 | D:4      | Found a runed translucent gate.
  3432 | D:4      | Found a runed translucent gate.
  3479 | D:4      | Found Davunwo's Vocational Training.
  3585 | D:4      | Noticed 10x100sm's ghost (amateur FoFi)
  3585 | D:4      | Noticed an ice beast
  3694 | D:5      | Entered Level 5 of the Dungeon
  3694 | D:5      | Noticed Pikel
  3737 | D:5      | Reached XP level 7. HP: 11/64 MP: 6/6
  3902 | D:5      | Killed Pikel
  3903 | D:5      | Reached XP level 8. HP: 25/73 MP: 7/7
  4445 | D:5      | Reached skill level 10 in Axes
  5094 | D:5      | Noticed Blork the orc
  5096 | D:5      | Killed Blork the orc
  5249 | D:6      | Reached XP level 9. HP: 72/82 MP: 8/8
  5292 | D:6      | Found an ornate altar of the Wu Jian Council.
  5292 | D:6      | Found an ancient bone altar of Kikubaaqudgha.
  5295 | D:6      | Found a burning altar of Makhleb.
  5784 | D:7      | Found a staircase to the Ecumenical Temple.
  5828 | D:7      | Reached skill level 5 in Shields
  6038 | D:7      | Reached skill level 10 in Fighting
  6056 | Temple   | Entered the Ecumenical Temple
  6068 | Temple   | Became a worshipper of Nemelex Xobeh the Trickster
  6282 | D:7      | Reached skill level 1 in Invocations
  6299 | D:7      | Found a sand-covered staircase.
  6316 | Ossuary  | Entered an ossuary
  6443 | Ossuary  | Reached skill level 2 in Invocations
  6613 | Ossuary  | Reached skill level 3 in Invocations
  6969 | D:8      | Reached XP level 10. HP: 58/95 MP: 11/11
  7128 | D:8      | Reached * piety under Nemelex Xobeh
  7173 | D:8      | Reached skill level 4 in Invocations
  7385 | D:8      | Reached skill level 5 in Invocations
  7667 | D:8      | Received a gift from Nemelex Xobeh
  8144 | D:9      | Reached skill level 6 in Invocations
  8358 | D:9      | Reached ** piety under Nemelex Xobeh
  8630 | D:9      | Noticed a two-headed ogre
  8634 | D:9      | Killed a two-headed ogre
  8635 | D:9      | Reached skill level 7 in Invocations
  8655 | D:9      | Noticed Gastronok
  8669 | D:9      | Killed Gastronok
  8670 | D:9      | Reached XP level 11. HP: 89/104 MP: 15/15
  9416 | D:9      | Identified a scroll of acquirement
  9416 | D:9      | Acquired the +2 pair of boots "Boupeirr" {Int+4}
  9440 | D:10     | Entered Level 10 of the Dungeon
  9455 | D:10     | Noticed a two-headed ogre
  9458 | D:10     | a two-headed ogre changed into a fire bat
  9566 | D:10     | Found a runed translucent gate.
  9566 | D:10     | Found an opulent altar of Gozag.
  9566 | D:10     | Found a runed translucent gate.
  9567 | D:10     | Found a runed translucent gate.
  9569 | D:10     | Noticed a centaur warrior
  9570 | D:10     | Noticed Ozzieoiler's ghost (journeyman OnCA)
  9598 | D:10     | Reached skill level 8 in Invocations
  9785 | D:10     | Noticed a two-headed ogre
  9795 | D:10     | Killed a two-headed ogre
 10317 | D:10     | Reached *** piety under Nemelex Xobeh
 10371 | D:10     | Noticed Amaemon
 10402 | D:10     | Killed Amaemon
 10403 | D:10     | Reached skill level 9 in Invocations
 10627 | D:10     | Found Ostrezet's Weapon Emporium.
 10729 | D:11     | Found a staircase to the Lair.
 11065 | D:11     | Found a staircase to the Orcish Mines.
 11351 | D:11     | Noticed a two-headed ogre
 11359 | D:11     | Killed a two-headed ogre
 11360 | D:11     | Reached skill level 10 in Invocations
 11639 | D:11     | Found an ornate altar of the Wu Jian Council.
 11688 | D:11     | Received a gift from Nemelex Xobeh
 11920 | D:11     | Reached skill level 15 in Axes
 12037 | Lair:1   | Entered Level 1 of the Lair of Beasts
 12154 | Lair:1   | Reached XP level 12. HP: 84/112 MP: 18/18
 12292 | Lair:1   | Received a gift from Nemelex Xobeh
 12377 | Lair:1   | Reached skill level 11 in Invocations
 12491 | Lair:1   | Reached **** piety under Nemelex Xobeh
 12889 | Lair:1   | Identified the +8 arbalest of the Swamp {flame, rElec rC++
                  | Int+2 SInv}
 13513 | Lair:2   | Received a gift from Nemelex Xobeh
 13896 | Lair:2   | Noticed a four-headed hydra
 13899 | Lair:2   | Killed a four-headed hydra
 13900 | Lair:2   | Reached skill level 12 in Invocations
 13935 | Lair:2   | Found a staircase to the Shoals.
 14370 | Lair:3   | Received a gift from Nemelex Xobeh
 14418 | Lair:3   | Reached ***** piety under Nemelex Xobeh
 14554 | Lair:3   | Noticed a five-headed hydra
 14568 | Lair:3   | a five-headed hydra changed into a shock serpent
 14624 | Lair:3   | Reached skill level 10 in Shields
 14918 | Lair:3   | Reached XP level 13. HP: 118/118 MP: 21/21
 15233 | Lair:3   | Reached skill level 13 in Invocations
 15493 | Lair:3   | Found a hole to the Spider Nest.
 16072 | Lair:4   | Received a gift from Nemelex Xobeh
 16229 | Lair:4   | Reached skill level 5 in Armour
 16411 | Lair:4   | Identified the +7 quarterstaff of Greed {spect, rF+ Will+
                  | MP+9 Dex-3}
 16723 | Lair:4   | Identified the +2 sling of the Stopping Whale {drain,
                  | +Blink rPois rCorr Int-4}
 16736 | Lair:4   | Received a gift from Nemelex Xobeh
 17139 | Lair:5   | Entered Level 5 of the Lair of Beasts
 17171 | Lair:5   | Reached skill level 14 in Invocations
 17973 | Lair:5   | Received a gift from Nemelex Xobeh
 18002 | Lair:5   | Found a staircase to the Slime Pits.
 18003 | Lair:5   | Found a viscous altar of Jiyva.
 18172 | Lair:5   | Reached XP level 14. HP: 126/126 MP: 24/24
 18292 | Lair:5   | Reached skill level 15 in Invocations
 18540 | Lair:5   | Reached skill level 10 in Armour
 19243 | Lair:5   | Identified the staff of the Skies Above {rC+ Int+3 Conj
                  | Earth}
 19530 | D:12     | Noticed a tengu reaver
 19541 | D:12     | Killed a tengu reaver
 19646 | D:12     | Gained mutation: Your magical capacity is low. (-10% MP)
                  | [potion of mutation]
 19646 | D:12     | Gained mutation: You passively dampen the noise of your
                  | surroundings. [potion of mutation]
 19646 | D:12     | Gained mutation: Your body sometimes deteriorates upon
                  | taking damage. [potion of mutation]
 19646 | D:12     | Gained mutation: You expend magic power (3 MP) to
                  | strengthen your wands. [potion of mutation]
 19815 | D:12     | Noticed Kirke
 19830 | D:12     | Killed Kirke
 19881 | D:12     | Found a gate leading to a gauntlet.
 19920 | D:12     | Reached skill level 16 in Invocations
 20080 | D:12     | Received a gift from Nemelex Xobeh
 20657 | D:13     | Found a stormy altar of Qazlal.
 20819 | D:13     | Paralysed by a centaur for 3 turns
 20932 | D:13     | Found a gate to the Vaults.
 22189 | D:14     | Received a gift from Nemelex Xobeh
 22206 | D:14     | Reached ****** piety under Nemelex Xobeh
 22713 | D:14     | Reached XP level 15. HP: 134/134 MP: 23/23
 22964 | D:15     | Entered Level 15 of the Dungeon
 23047 | D:15     | Identified the +5 leather armour of Compression {Str+2
                  | Dex-2 SInv Stlth+}
 23124 | D:15     | Found a staircase to the Depths.
 23843 | Orc:1    | Entered Level 1 of the Orcish Mines
 23843 | Orc:1    | Received a gift from Nemelex Xobeh
 23881 | Orc:1    | Found a shimmering altar of Xom.
 23927 | Orc:1    | Found a frozen archway.
 23943 | IceCv    | Entered an ice cave
 24156 | IceCv    | Reached skill level 17 in Invocations
 24670 | IceCv    | Noticed a frost giant
 24691 | IceCv    | Killed a frost giant
 24868 | IceCv    | Got the Incunabulum of the Deep Freeze
 25543 | Orc:2    | Entered Level 2 of the Orcish Mines
 25543 | Orc:2    | Found a staircase to the Elven Halls.
 25867 | Orc:2    | Received a gift from Nemelex Xobeh
 26121 | Orc:2    | Gained mutation: You occasionally lose the ability to drink
                  | potions when taking damage. [a neqoxec]
 26363 | Orc:2    | Found Tileo's Distillery.
 26364 | Orc:2    | Found Ellytem's Weapon Shoppe.
 26364 | Orc:2    | Found Biawkuwu's Distillery.
 26365 | Orc:2    | Found Husk's Magic Scroll Emporium.
 26375 | Orc:2    | Bought a potion of resistance for 150 gold pieces
 26459 | Orc:2    | Reached skill level 15 in Fighting
 26486 | Orc:2    | Found a roughly hewn altar of Beogh.
 26704 | Orc:2    | Found a runed translucent door.
 26706 | Orc:2    | Noticed Coo1's ghost (adept OnAE)
 26791 | Orc:2    | Reached skill level 18 in Invocations
 27620 | D:15     | Found a shimmering altar of Xom.
 27626 | D:15     | Found a shimmering altar of Xom.
 28027 | D:15     | Found the +5 demon whip "Spellbinder" {antimagic, disrupt,
                  | Will+}
 28411 | Shoals:1 | Entered Level 1 of the Shoals
 28411 | Shoals:1 | Found Xullewam's Jewellery Shop.
 28443 | Shoals:1 | Bought the ring of Ciat Rocs {rF+ Will+ MP+9 Str+4 Int+2}
                  | for 1243 gold pieces
 28623 | Shoals:1 | Reached XP level 16. HP: 113/150 MP: 25/25
 28705 | Shoals:1 | Received a gift from Nemelex Xobeh
 28962 | Shoals:1 | Noticed a titan
 28996 | Shoals:1 | Killed a titan
 30726 | Shoals:2 | Received a gift from Nemelex Xobeh
 30964 | Shoals:2 | Reached skill level 19 in Invocations
 31791 | Shoals:3 | Identified the +6 dagger of Elestiar {speed, rPois Will-
                  | rCorr Str+2}
 32086 | Shoals:3 | Found Vyuqus's Self-Improvement Boutique.
 32437 | Shoals:3 | Noticed Polyphemus
 32456 | Shoals:3 | Killed Polyphemus
 32844 | Shoals:3 | Noticed Ilsuiw
 33075 | Shoals:3 | HP: 4/150 [Ilsuiw/shard of ice (41)]
 33569 | Shoals:1 | Bought an amulet of regeneration for 540 gold pieces
 34008 | Shoals:4 | Entered Level 4 of the Shoals
 34313 | Shoals:4 | Found Vyjud's Book Emporium.
 34313 | Shoals:4 | Noticed a walking crystal tome
 34313 | Shoals:4 | Noticed a walking crystal tome
 34316 | Shoals:4 | Received a gift from Nemelex Xobeh
 34731 | Shoals:4 | Identified the ring "Naklippo" {MP+9 Str+4 Int+3 Dex+3}
 34761 | Shoals:4 | Got Sif Muna's Treatise on the Manifold
 34789 | Shoals:4 | HP: 7/150 [merfolk javelineer/silver javelin (7)]
 35067 | Shoals:4 | Reached XP level 17. HP: 152/157 MP: 11/26
 35102 | Shoals:4 | Reached skill level 20 in Invocations
 35168 | Shoals:4 | Received a gift from Nemelex Xobeh
 35174 | Shoals:4 | Got a barnacled rune of Zot
 35422 | Shoals:4 | Found an iron altar of Okawaru.
 35687 | Shoals:4 | Got Sif Muna's Tome of Execration
 35888 | Shoals:4 | Found the +6 arbalest "Damnation" {damnation}
 36209 | Shoals:1 | Bought a ring of poison resistance for 360 gold pieces
 36286 | Spider:1 | Entered Level 1 of the Spider Nest
 36333 | Spider:1 | Received a gift from Nemelex Xobeh
 36757 | Spider:1 | Noticed Louise
 36772 | Spider:1 | Killed Louise
 37651 | Spider:2 | Noticed Arachne
 37659 | Spider:2 | Killed Arachne
 37940 | Spider:2 | Received a gift from Nemelex Xobeh
 38004 | Spider:2 | Reached skill level 21 in Invocations
 38119 | Spider:3 | Noticed Azrael
 38170 | Spider:3 | Killed Azrael
 38464 | Spider:3 | Identified the +2 robe of the Lizard {Harm Str+4 Int-2
                  | Archmagi}
 38586 | Spider:3 | Identified the serpent talisman of Lies {Str+3 Int+2}
 38586 | Spider:3 | Noticed Aizul
 38621 | Spider:3 | Killed Aizul
 38649 | Spider:3 | Noticed Donald
 38666 | Spider:3 | Killed Donald
 39319 | Spider:4 | Entered Level 4 of the Spider Nest
 39431 | Spider:3 | HP: 6/161 [wolf spider (26)]
 39431 | Spider:3 | Mangled by a tarantella

Illustrated notes

Levels and vault maps discovered:
D:1:      lightli_arrival_flooded_house, layout_basic, lexackson_kobold_supper
D:2:      minmay_general_purpose_star, layout_loops_ring,
          hellmonk_ecumenical_altar_slurped_away
D:3:      minmay_goblin_kobold_castle, layout_basic
D:4:      layout_rooms, gammafunk_ghost_icy, nicolae_shop_vocational
D:5:      layout_basic, uniq_pikel, uniq_blork_the_orc
D:6:      layout_basic, grunt_temple_overflow_diamond, minmay_starry_boxes
D:7:      layout_cave_pools, temple_pool_b,
          mainiacjoe_ossuary_entry_find_the_door,
          corexii_item_surrounded_by_moat
D:8:      layout_gridville, corner_web_ring, columned_hall_lemuel, minivault_11
D:9:      layout_loops_corners, hangedman_decor_riveting, uniq_gastronok
D:10:     layout_cave_pods, ebering_ghost_gozag, serial_shops,
          nicolae_lakefront_shop, uniq_amaemon
D:11:     layout_basic, david_lair_shrubbed, erik_orc_4,
          nicolae_wu_jian_immortal_techniques
D:12:     layout_roguey, gauntlet_entry_generic, kennysheep_island_fort,
          uniq_kirke
D:13:     layout_basic, david_vaults_2, nicolae_qazlal_scattered_showers
D:14:     layout_basic, minmay_misc_feat_cross
D:15:     grunt_enter_depths_giant_problem, layout_cave_pods, xom_redecorated,
          minmay_variable_closet
Temple:   nicolae_temple_bog_church
Lair:1:   layout_regular_city, grunt_megastairs_2
Lair:2:   layout_long_grid, minmay_shoals_entry_hut
Lair:3:   layout_cave_pods, spider_nest_entry_rubble, serial_rivers,
          chequers_serial_rivers_micro_e, chequers_serial_rivers_small_a,
          chequers_serial_rivers_small_3, chequers_serial_rivers_micro_d,
          nicolae_quartered_pool_super, nicolae_lair_run_with_the_wolves
Lair:4:   layout_big_grid, dreamdust_mushroom_princess, grunt_megastairs_5,
          infiniplex_staircase_pool_2
Lair:5:   evilmike_catoblepas_cave, layout_hall_layers, slime_entry_1
Shoals:1: cheibrodos_shoals_gigantism, layout_shoals, serial_shops, shop,
          nicolae_shoals_lost_giant_hut
Shoals:2: layout_shoals
Shoals:3: layout_shoals, nicolae_shop_self_help, uniq_polyphemus, uniq_ilsuiw
Shoals:4: shoals_end_grunt_ice, layout_shoals, shoal_ilsuiw, serial_shops,
          nicolae_shop_mannequins, lemuel_oklob_altar
Spider:1: layout_spider_delve, uniq_louise
Spider:2: layout_spider_delve, uniq_arachne
Spider:3: layout_spider_delve, uniq_azrael, uniq_aizul, uniq_donald
Spider:4: floodkiller_spider_rune_tomb
Orc:1:    layout_caves, basic_altar, portal_ice_cave_entry_pillars_1
Orc:2:    st_orc_pillars, layout_caves, gammafunk_ghost_grave, basic_altar

Skill      XL: |  1  2  3  4  5  6  7  8  9 10 11 12 13 14 15 16 17 |
---------------+----------------------------------------------------+-----
Fighting       | 4 5 6 7 8 11 12 15 17 | 17.0
Armour         | 4 9 12 13 | 13.4
Shields        | 4 5 7 10 11 12 13 | 13.2
Axes           | 3 4 5 7 9 11 12 15 16 18 | 18.0
Invocations    | 3 7 10 12 14 16 18 19 21 | 21.2

Action                     |  1- 3 |  4- 6 |  7- 9 | 10-12 | 13-15 | 16-18 || total
---------------------------+-------+-------+-------+-------+-------+-------++-------
  Melee: War axe           |    95 |   183 |   275 |   415 |   843 |   526 ||  2337
         Headbutt          |     9 |    43 |    50 |    68 |   193 |   199 ||   562
         Quarterstaff      |       |       |       |       |    10 |       ||    10
         Demon whip        |       |       |       |       |       |   340 ||   340
 Invoke: Draw Destruction  |       |       |       |     7 |    17 |    17 ||    41
         Draw Summoning    |       |       |       |     1 |     4 |     8 ||    13
         Triple Draw       |       |       |       |     1 |       |       ||     1
         Stack Five        |       |       |       |     1 |       |       ||     1
         Deal Four         |       |       |       |       |     3 |     1 ||     4
         Draw Stack        |       |       |       |       |       |     1 ||     1
  Evoke: Wand              |       |       |       |     4 |     6 |       ||    10
    Use: Scroll            |       |     3 |    10 |    11 |     4 |     4 ||    32
         Potion            |       |       |     6 |     4 |     6 |    12 ||    28
   Stab: Invisible         |       |       |       |       |     1 |       ||     1
         Distracted        |       |       |       |       |       |     2 ||     2
 Armour: Scale mail        |    80 |   135 |   140 |   252 |    38 |       ||   645
         Skin              |       |       |    23 |       |       |       ||    23
         Plate armour      |       |       |       |       |   704 |   741 ||  1445
         Chain mail        |       |       |       |       |    34 |   292 ||   326
  Dodge: Dodged            |    52 |    76 |    96 |   218 |   315 |   225 ||   982
  Block: Buckler           |    27 |    42 |    45 |    23 |       |       ||   137
         Kite shield       |       |       |       |   181 |   618 |   673 ||  1472

Table legend: (Time is in decaauts)
 A = Elapsed time spent in this place.
 B = Non-inter-level travel time spent in this place.
 C = Inter-level travel time spent in this place.
 D = Time resting spent in this place.
 E = Time spent auto-exploring this place.
 F = Levels seen in this place.
 G = Mean time per level.
                   A        B        C        D        E       F      G
               +--------+--------+--------+--------+--------+-----+--------+
         Total |  39670 |  37992 |   1678 |   7983 |  21954 |  33 | 1202.1 |
       Dungeon |  17600 |  16704 |    896 |   3120 |  10670 |  15 | 1173.3 |
        Temple |     24 |     24 |      0 |      0 |      0 |   1 |   24.0 |
          Lair |   7640 |   7280 |    360 |   1601 |   4273 |   5 | 1528.0 |
        Shoals |   7750 |   7445 |    305 |   2091 |   3623 |   4 | 1937.5 |
   Spider Nest |   3141 |   3108 |     33 |    688 |   1584 |   4 |  785.2 |
  Orcish Mines |   1880 |   1798 |     82 |    173 |   1062 |   2 |  940.0 |
       Ossuary |    380 |    380 |      0 |      2 |    201 |   1 |  380.0 |
      Ice Cave |   1252 |   1252 |      0 |    307 |    539 |   1 | 1252.0 |
               +--------+--------+--------+--------+--------+-----+--------+

Top non-repeatable levels by time:
  Lair:5: 2194 daAuts
Shoals:2: 2144 daAuts
Shoals:3: 2117 daAuts
    D:15: 2012 daAuts
Shoals:1: 1970 daAuts
  Lair:3: 1729 daAuts
Shoals:4: 1517 daAuts
    D:11: 1509 daAuts
     D:5: 1505 daAuts
     D:9: 1479 daAuts
  Lair:2: 1432 daAuts
     D:3: 1396 daAuts
   Orc:2: 1396 daAuts
    D:13: 1374 daAuts
    D:10: 1305 daAuts
